 Dungeon Crawl Stone Soup version 0.16-a0-3153-gb9b0e1b (webtiles) character file.

37 ontoclasm the Charmwright (level 3, 0/24 HPs)
             Began as a Lacertilian Skald on Dec 19, 2014.
             Succumbed to an adder's poison
             ... on level 2 of the Dungeon.
             The game lasted 00:03:27 (701 turns).

ontoclasm the Charmwright (Lacertilian Skald)        Turns: 701, Time: 00:03:27

Health: 0/24       AC:  6    Str: 11    XL:     3   Next: 23%
Magic:  4/4        EV: 16    Int: 18    God:
Gold:   27         SH:  0    Dex: 18    Spells: 1 memorised, 3 levels left

rFire  . . .     SeeInvis .     l - +0 bardiche
rCold  . . .     Clarity  .     b - +0 leather armour
rNeg   . . .     SustAb   .     (no shield)
rPois  .         Gourm    .     (no helmet)
rElec  .         Spirit   .     (no cloak)
rCorr  .         Warding  .     (no gloves)
rMut   .         Stasis   .     (no boots)
MR     .....                    (no amulet)
Stlth  +++.......               (no ring)
                                (no ring)

@: brilliant, agile, lethally poisoned, infused, not resistant to hostile
enchantments, fairly stealthy
A: strong connection with the divine, slimy green scales 2, camouflage 1
a: no special abilities


You were on level 2 of the Dungeon.
You were not hungry.

You visited 1 branch of the dungeon, and saw 2 of its levels.

You collected 27 gold pieces.

Inventory:

Hand weapons
 l - a +0 bardiche (weapon)
Missiles
 h - 53 stones (quivered)
Armour
 b - a +0 leather armour (worn)
Jewellery
 f - an uncursed amulet of stasis
Scrolls
 a - a scroll of noise {unknown}
 j - a scroll of blinking {unknown}
Potions
 e - a potion of brilliance
Books
 c - a book of Battle

   Spells                             Type                      Level
   a - Infusion                       Charms                       1
   b - Shroud of Golubria             Charms/Translocation         2
   c - Song of Slaying                Charms                       2
   d - Spectral Weapon                Hexes/Charms                 3
   e - Regeneration                   Charms/Necromancy            3
Comestibles
 d - 2 bread rations
 g - a royal jelly


   Skills:
 - Level 1.7 Fighting
   Level 2.6 Long Blades
 + Level 1.0 Polearms
 - Level 1.0 Armour
 - Level 1.0 Dodging
 - Level 1.3 Spellcasting
 - Level 3.3 Charms


You had 3 spell levels left.
You knew the following spells:

 Your Spells              Type           Power        Failure   Level  Hunger
a - Infusion              Chrm           ###...       1%          1    ##.....


Dungeon Overview and Level Annotations

Branches:
Dungeon (2/15)

Altars:


Innate Abilities, Weirdness & Mutations

You have a strong connection with the divine.
You may change religions without suffering divine wrath.
You are mostly covered in slimy green scales (AC +3).
Your skin changes colour to match your surroundings (Stealth).


Message History

The adder poisons you!
Drink which item? (? for menu, Esc to quit)
It was a potion of brilliance.
You feel clever all of a sudden.
* * * LOW HITPOINT WARNING * * *
You feel sick. The adder closely misses you. The hobgoblin barely misses you.
Drink which item? (? for menu, Esc to quit)
It was a potion of agility.
You feel agile all of a sudden.
* * * LOW HITPOINT WARNING * * *
You feel sick. The adder misses you. The hobgoblin closely misses you.
You closely miss the adder.
* * * LOW HITPOINT WARNING * * *
You feel sick. The adder bites you.
* * * LOW HITPOINT WARNING * * *
The adder bites you but does no damage. The hobgoblin completely misses you.
The adder barely misses you. The hobgoblin completely misses you.
Unknown command.
You closely miss the adder.
You die...

#.#.#....# . .
#.#.#....# ....
#.#.#....# ..... #
#.#.#....# ......
.....#......# ......
.............##....
###......#..#..#
#..........g.######.
#....###..@Sr.......
+...## #####..#.....
#[.# ....... ..
.#..... .#..... ..
... .. . .. #


You could see an adder, a hobgoblin and a rat.

Vanquished Creatures
  An adder (D:2)
  5 giant geckos
  2 bats (D:1)
  A giant cockroach (D:1)
  4 hobgoblins
  A ball python (D:1)
  4 giant newts (D:1)
  2 goblins
  A kobold (D:1)
  3 rats
24 creatures vanquished.

Notes
Turn   | Place    | Note
--------------------------------------------------------------
     0 | D:1      | ontoclasm, the Lacertilian Skald, began the quest for the Orb.
     0 | D:1      | Reached XP level 1. HP: 13/13 MP: 2/2
     2 | D:1      | Noticed a demonspawn
     2 | D:1      | Noticed a demigod
     4 | D:1      | Noticed a formicid
     4 | D:1      | Noticed a vampire
     6 | D:1      | Noticed a draconian
     6 | D:1      | Noticed a spriggan
    10 | D:1      | Noticed a centaur
    10 | D:1      | Noticed an octopode
    12 | D:1      | Noticed a ghoul
    14 | D:1      | Noticed an elf
    14 | D:1      | Noticed a tengu
    16 | D:1      | Noticed a naga
    18 | D:1      | Noticed an ogre
    18 | D:1      | Noticed a dwarf
    20 | D:1      | Noticed a gargoyle
    22 | D:1      | Noticed a human
    22 | D:1      | Noticed a felid
    24 | D:1      | Noticed a merfolk
    24 | D:1      | Noticed a minotaur
    26 | D:1      | Noticed a vine stalker
    26 | D:1      | Noticed a troll
   137 | D:1      | Reached XP level 2. HP: 17/19 MP: 3/3
   548 | D:2      | Reached XP level 3. HP: 16/24 MP: 4/4
   549 | D:2      | Reached skill level 1 in Polearms
   700 | D:2      | HP: 1/24 [adder (4)]
   701 | D:2      | Succumbed to an adder's poison

Action                   || total
-------------------------++-------
Melee: Falchion          ||    57
       Bardiche          ||    26
 Cast: Infusion          ||     2
  Use: Scroll            ||     1
       Potion            ||     2
 Stab: Sleeping          ||     2
